Oilers vs Panthers

Created - Thursday, January 22, 2015 at 00:01

Goals
1 2 3 OT1 SO T
Oilers 1 0 0 0 3 2
Panthers 0 0 1 0 1 1
Shots
1 2 3 OT1 SO T
Oilers 13 3 11 3 3 30
Panthers 5 9 10 1 2 25

1st period

1. Oilers , Shane Doan 21 (Alexander Semin, Nicklas Backstrom) at 6:04 (PP)

Penalties :
Paul Ranger (Fla) for Roughing (Minor) at 5:08

2nd period

No Goal

Penalties :
Vladimir Sobotka (Edm) for Hooking (Minor) at 2:40, Simon Despres (Fla) for Roughing (Minor) at 5:54, Brad Hunt (Edm) for High sticking (Minor) at 8:22, Jake Gardiner (Fla) for Tripping (Minor) at 12:18

3rd period

2. Panthers , David Booth 4 (Marco Scandella) at 4:08

Penalties :
Shawn Horcoff (Fla) for Holding (Minor) at 5:23, Colin McDonald (Fla) for Hooking (Minor) at 8:37

Overtime #1

No Goal

Penalties :
No Penalty

Shootout

Penalty Shot by David Desharnais for Oilers - Goal!
Penalty Shot by Shawn Horcoff for Panthers - Stopped by Roberto Luongo
Penalty Shot by Nick Bonino for Oilers - Goal!
Penalty Shot by Brad Boyes for Panthers - Goal!
Penalty Shot by Andrew Ladd for Oilers - Goal!

Penalties :
No Penalty

Goalie Stats

Roberto Luongo (Edm), 24 saves from 25 shots - (0.960), W, 22-3-4, 65:00 minutes
Eddie Lack (Fla), 29 saves from 30 shots - (0.967), OTL, 4-5-1, 65:00 minutes

Players Stats for Oilers

Player Name              G  A  P  +/- PIM S  H  SB GA TA FO     MP     PP MP  PK MP  
------------------------------------------------------------------------------------
Ales Hemsky              0  0  0   0  0   0  1  0  2  0  0/0    14:20   0:00   0:56 
Alexander Semin          0  1  1   0  0   2  3  1  2  0  0/1    21:43   4:15   0:30 
Andrej Sekera            0  0  0  -1  0   2  0  0  0  4  0/0    25:50   4:08   2:55 
Andrew Ladd              0  0  0  -1  0   0  1  1  1  1  0/1    18:15   4:37   2:12 
Andrew MacDonald         0  0  0   0  0   4  2  1  0  1  0/0    22:17   0:00   1:03 
Brad Hunt                0  0  0   0  2   0  0  1  0  1  0/0    13:07   0:00   0:00 
Brayden Schenn           0  0  0   0  0   3  1  0  3  0  0/1     9:02   0:00   0:00 
Chris Stewart            0  0  0   0  0   2  0  0  0  0  0/0     9:02   0:00   0:00 
Darren Helm              0  0  0   0  0   0  1  0  0  0  1/1     3:20   0:18   1:17 
David Desharnais         0  0  0   0  0   2  1  0  1  0  11/14  19:33   4:37   0:00 
Kimmo Timonen            0  0  0   0  0   5  2  1  0  3  0/0    27:01   4:44   1:03 
Mikkel Boedker           0  0  0   0  0   1  2  0  4  1  0/0    18:48   4:37   0:00 
Nick Bonino              0  0  0   0  0   2  2  1  1  1  0/0    19:27   4:44   0:30 
Nicklas Backstrom        0  1  1  -1  0   3  2  1  1  1  15/17  24:42   3:57   1:17 
Ryan Stanton             0  0  0   0  0   0  1  1  0  1  0/0    14:32   0:00   0:00 
Ryan Wilson              0  0  0  -1  0   0  3  2  0  1  0/0    18:52   0:00   2:55 
Shane Doan               1  0  1  -1  0   1  0  0  1  0  0/0    18:13   4:15   0:00 
Vladimir Sobotka         0  0  0   0  2   3  2  0  3  1  2/5    17:56   4:08   1:14 

Players Stats for Panthers

Player Name              G  A  P  +/- PIM S  H  SB GA TA FO     MP     PP MP  PK MP  
------------------------------------------------------------------------------------
Adam Larsson             0  0  0   1  0   2  1  0  1  1  0/0     6:53   2:15   0:00 
Alex Galchenyuk          0  0  0   0  0   1  1  0  5  0  2/10   18:22   1:50   0:52 
Andrei Loktionov         0  0  0   0  0   1  0  0  1  0  0/0    13:06   0:00   0:00 
Brad Boyes               0  0  0   0  0   0  0  0  1  0  1/2    22:20   1:50   5:54 
Calvin de Haan           0  0  0   0  0   0  0  2  1  1  0/0    18:45   0:00   3:48 
Charlie Coyle            0  0  0   0  0   1  2  0  4  1  1/2    12:47   2:08   0:00 
Colin McDonald           0  0  0   1  2   1  1  0  0  0  0/0     8:31   0:00   0:00 
David Booth              1  0  1   1  0   2  0  0  2  0  0/0    11:04   0:00   1:34 
Dustin Penner            0  0  0   0  0   3  1  0  0  0  0/1    18:35   2:08   1:24 
Jake Gardiner            0  0  0   0  2   0  3  3  0  0  0/0    23:00   1:43   3:49 
Jakob Silfverberg        0  0  0   0  0   3  0  0  6  0  0/0    17:53   2:08   1:24 
Keith Aulie              0  0  0   0  0   0  2  1  0  0  0/0    15:30   0:00   0:00 
Marco Scandella          0  1  1   1  0   1  0  1  0  4  0/0    28:17   1:43   5:04 
Matt D'Agostini          0  0  0   0  0   2  1  0  0  0  3/13   18:40   0:00   2:54 
Nino Niederreiter        0  0  0   0  0   2  2  0  0  0  0/2    15:50   0:19   0:00 
Paul Ranger              0  0  0   0  2   4  3  0  1  2  0/0    23:11   2:15   2:52 
Shawn Horcoff            0  0  0   1  2   1  1  0  0  0  4/10   23:41   1:31   3:42 
Simon Despres            0  0  0   0  2   1  3  2  0  0  0/0    14:38   0:00   2:11 

3 Stars

1 - Eddie Lack (Fla)
2 - Roberto Luongo (Edm)
3 - David Booth (Fla)

Power Play

Oilers - 1 on 5 Attempt(s) - 20.00%
Panthers - 0 on 2 Attempt(s) - 0.00%

Penalty Kill

Oilers - 2 on 2 Attempt(s) - 100.00% - Score 0 goal in Penalty Kill
Panthers - 4 on 5 Attempt(s) - 80.00% - Score 0 goal in Penalty Kill

Team Stat

Oilers - Hits : 24 - Faceoff Wins : 29 - Blocked Shots : 10 - Penalty Minutes : 4
Panthers - Hits : 21 - Faceoff Wins : 11 - Blocked Shots : 9 - Penalty Minutes : 10

Official

Referees : Unknown
Linesman : Unknown

Game Notes

No Game Note

Finance

Level 1 -- Attendance: 5268 (87.80%) -- Ticket Income $447,780
Level 2 -- Attendance: 4336 (86.72%) -- Ticket Income $216,800
Level 3 -- Attendance: 1741 (87.05%) -- Ticket Income $52,230
Level 4 -- Attendance: 4000 (100.00%) -- Ticket Income $68,000
Luxury Box -- Attendance: 893 (89.30%) -- Ticket Income $156,275
Game was played at the BankAtlantic Center'
Total Attendance: 16238 (90.21%)
Total Ticket Income: $941,085
Other Income: $461,132
Total Income: $1,402,217

Oilers

5 vs 5 Forward 
   Center                   Left Wing                Right Wing               Time % Phy DF OF 
 1 Nicklas Backstrom        Andrew Ladd              Shane Doan               35     0   1  4  
 2 David Desharnais         Nick Bonino              Alexander Semin          35     0   1  4  
 3 Vladimir Sobotka         Mikkel Boedker           Ales Hemsky              25     0   1  4  
 4 Nicklas Backstrom        Brayden Schenn           Chris Stewart            5      0   2  3  

5 vs 5 Defense 
   Defense                  Defense                                           Time % Phy DF OF 
 1 Kimmo Timonen            Andrew MacDonald                                  45     1   4  0  
 2 Andrej Sekera            Ryan Wilson                                       40     1   4  0  
 3 Ryan Stanton             Brad Hunt                                         15     1   4  0  
 4 Kimmo Timonen            Andrew MacDonald                                  0      1   4  0  

PowerPlay Forward 
   Center                   Left Wing                Right Wing               Time % Phy DF OF 
 1 Nicklas Backstrom        Shane Doan               Alexander Semin          55     0   1  4  
 2 David Desharnais         Andrew Ladd              Mikkel Boedker           45     0   1  4  

PowerPlay Defense
   Defense                  Defense                                           Time % Phy DF OF 
 1 Kimmo Timonen            Nick Bonino                                       50     1   2  2  
 2 Andrej Sekera            Vladimir Sobotka                                  50     1   2  2  

Penalty Kill 4 Players Forward 
   Center                   Wing                     Time % Phy DF OF 
 1 Vladimir Sobotka         Andrew Ladd              60     0   4  1  
 2 Nick Bonino              Alexander Semin          40     0   4  1  

Penalty Kill 4 Players Defense
   Defense                  Defense                  Time % Phy DF OF 
 1 Kimmo Timonen            Andrew MacDonald         55     1   4  0  
 2 Ryan Wilson              Andrej Sekera            45     1   4  0  

Penalty Kill - 3 Players Forward 
   Forward                                           Time % Phy DF OF 
 1 Vladimir Sobotka                                  55     0   5  0  
 2 Nick Bonino                                       45     0   5  0  

Penalty Kill - 3 Players Defense
   Defense                  Defense                  Time % Phy DF OF 
 1 Kimmo Timonen            Andrew MacDonald         50     1   4  0  
 2 Andrej Sekera            Ryan Wilson              50     1   4  0  

4 vs 4 Forward 
   Center                   Wing                     Time % Phy DF OF 
 1 Nicklas Backstrom        Alexander Semin          60     0   1  4  
 2 David Desharnais         Shane Doan               40     0   1  4  

4 vs 4 Defense
   Defense                  Defense                  Time % Phy DF OF 
 1 Kimmo Timonen            Andrew MacDonald         50     1   4  0  
 2 Ryan Stanton             Andrej Sekera            50     1   4  0  

Last Minutes Offensive
   Center                   Left Wing                Right Wing               Defense                  Defense                  
   Nicklas Backstrom        Shane Doan               Alexander Semin          Kimmo Timonen            Andrej Sekera            

Last Minutes Defensive
   Center                   Left Wing                Right Wing               Defense                  Defense                  
   Vladimir Sobotka         Andrew Ladd              Nicklas Backstrom        Kimmo Timonen            Andrew MacDonald         

Goaltenders
Starting : Roberto Luongo           
Backup : Jean-Sebastien Giguere   

Extra Forwards
Normal : Shane Doan, Mikkel Boedker, David Desharnais - PP : Nicklas Backstrom, Alexander Semin - PK : Nicklas Backstrom
Extra Defensemen
Normal : Andrej Sekera, Kimmo Timonen, Andrew MacDonald - PP : Andrej Sekera - PK : Andrej Sekera, Kimmo Timonen
Penalty Shots
David Desharnais, Nick Bonino, Andrew Ladd, Nicklas Backstrom, Ales Hemsky

Panthers

5 vs 5 Forward 
   Center                   Left Wing                Right Wing               Time % Phy DF OF 
 1 Shawn Horcoff            Charlie Coyle            Brad Boyes               35     1   2  2  
 2 Matt D'Agostini          Dustin Penner            Jakob Silfverberg        30     1   2  2  
 3 Alex Galchenyuk          Nino Niederreiter        Andrei Loktionov         22     1   2  2  
 4 Shawn Horcoff            David Booth              Colin McDonald           13     1   2  2  

5 vs 5 Defense 
   Defense                  Defense                                           Time % Phy DF OF 
 1 Marco Scandella          Jake Gardiner                                     35     1   2  2  
 2 Keith Aulie              Paul Ranger                                       30     1   2  2  
 3 Calvin de Haan           Simon Despres                                     22     1   2  2  
 4 Adam Larsson             Marco Scandella                                   13     1   2  2  

PowerPlay Forward 
   Center                   Left Wing                Right Wing               Time % Phy DF OF 
 1 Shawn Horcoff            Alex Galchenyuk          Brad Boyes               60     1   2  2  
 2 Charlie Coyle            Dustin Penner            Jakob Silfverberg        40     1   2  2  

PowerPlay Defense
   Defense                  Defense                                           Time % Phy DF OF 
 1 Marco Scandella          Jake Gardiner                                     60     1   2  2  
 2 Adam Larsson             Paul Ranger                                       40     1   2  2  

Penalty Kill 4 Players Forward 
   Center                   Wing                     Time % Phy DF OF 
 1 Shawn Horcoff            Brad Boyes               60     1   2  2  
 2 Jakob Silfverberg        Dustin Penner            40     1   2  2  

Penalty Kill 4 Players Defense
   Defense                  Defense                  Time % Phy DF OF 
 1 Marco Scandella          Jake Gardiner            60     1   2  2  
 2 Calvin de Haan           Paul Ranger              40     1   2  2  

Penalty Kill - 3 Players Forward 
   Forward                                           Time % Phy DF OF 
 1 Shawn Horcoff                                     60     1   2  2  
 2 Brad Boyes                                        40     1   2  2  

Penalty Kill - 3 Players Defense
   Defense                  Defense                  Time % Phy DF OF 
 1 Simon Despres            Jake Gardiner            60     1   2  2  
 2 Adam Larsson             Paul Ranger              40     1   2  2  

4 vs 4 Forward 
   Center                   Wing                     Time % Phy DF OF 
 1 Shawn Horcoff            Brad Boyes               60     1   2  2  
 2 Nino Niederreiter        Dustin Penner            40     1   2  2  

4 vs 4 Defense
   Defense                  Defense                  Time % Phy DF OF 
 1 Calvin de Haan           Jake Gardiner            60     1   2  2  
 2 Marco Scandella          Paul Ranger              40     1   2  2  

Last Minutes Offensive
   Center                   Left Wing                Right Wing               Defense                  Defense                  
   Shawn Horcoff            Charlie Coyle            Brad Boyes               Marco Scandella          Jake Gardiner            

Last Minutes Defensive
   Center                   Left Wing                Right Wing               Defense                  Defense                  
   Shawn Horcoff            Charlie Coyle            Brad Boyes               Marco Scandella          Jake Gardiner            

Goaltenders
Starting : Eddie Lack               
Backup : Cal Heeter               

Extra Forwards
Normal : Alex Galchenyuk, Nino Niederreiter, Brad Boyes - PP : Alex Galchenyuk, Nino Niederreiter - PK : Shawn Horcoff
Extra Defensemen
Normal : Calvin de Haan, Simon Despres, Adam Larsson - PP : Calvin de Haan - PK : Simon Despres, Adam Larsson
Penalty Shots
Shawn Horcoff, Brad Boyes, Charlie Coyle, Dustin Penner, Jakob Silfverberg

% Time on Ice - Oilers

Lines # - Real PCT - Wanted PCT - Time Play
Normal Forward
1 - 24% - 35% - 11:28
2 - 31% - 35% - 14:39
3 - 25% - 25% - 12:01
4 - 19% - 5% - 9:02
Normal Defense
1 - 39% - 45% - 18:37
2 - 35% - 40% - 16:24
3 - 26% - 15% - 12:09
4 - 0% - 0% - 0:00
PP Forward
1 - 48% - 55% - 4:15
2 - 52% - 45% - 4:37
PP Defense
1 - 53% - 50% - 4:44
2 - 47% - 50% - 4:08
PK Forward
1 - 87% - 60% - 3:28
2 - 13% - 40% - 0:30
PK Defense
1 - 26% - 55% - 1:03
2 - 74% - 45% - 2:55
PK3 Forward
1 - 0% - 55%
2 - 0% - 45%
PK3 Defense
1 - 0% - 50%
2 - 0% - 50%
44 Forward
1 - 100% - 60% - 5:00
2 - 0% - 40% - 0:00
44 Defense
1 - 52% - 50% - 2:37
2 - 48% - 50% - 2:23
Last Minute Offensive  - 0:00
Last Minute Defensive  - 0:00
Total
Forward - 65:00
Defense - 65:00

% Time on Ice - Panthers

Lines # - Real PCT - Wanted PCT - Time Play
Normal Forward
1 - 25% - 35% - 11:38
2 - 30% - 30% - 14:21
3 - 27% - 22% - 12:41
4 - 18% - 13% - 8:30
Normal Defense
1 - 31% - 35% - 14:47
2 - 33% - 30% - 15:47
3 - 26% - 22% - 12:11
4 - 9% - 13% - 4:25
PP Forward
1 - 46% - 60% - 1:50
2 - 54% - 40% - 2:08
PP Defense
1 - 43% - 60% - 1:43
2 - 57% - 40% - 2:15
PK Forward
1 - 84% - 60% - 7:28
2 - 16% - 40% - 1:24
PK Defense
1 - 57% - 60% - 5:04
2 - 43% - 40% - 3:48
PK3 Forward
1 - 0% - 60%
2 - 0% - 40%
PK3 Defense
1 - 0% - 60%
2 - 0% - 40%
44 Forward
1 - 86% - 60% - 4:18
2 - 14% - 40% - 0:42
44 Defense
1 - 54% - 60% - 2:42
2 - 46% - 40% - 2:18
Last Minute Offensive  - 0:00
Last Minute Defensive  - 0:00
Total
Forward - 65:00
Defense - 65:00

Play by Play

1st period


0:01 of 1st period - Shawn Horcoff wins face-off versus Andrew Ladd in neutral zone.
1:08 of 1st period - Slapshot by Alexander Semin.
1:08 of 1st period - Shot Blocked by Jake Gardiner.
1:10 of 1st period - Snap shot by Ryan Wilson.
1:10 of 1st period - Shot Blocked by Jake Gardiner.
1:12 of 1st period - Slapshot by Andrej Sekera.
1:12 of 1st period - Stopped by Eddie Lack with a rebound.
1:14 of 1st period - Slapshot by Ryan Wilson.
1:14 of 1st period - Deflect By Nick Bonino.
1:14 of 1st period - Stopped by Eddie Lack with a rebound.
1:16 of 1st period - Snap shot by Andrej Sekera.
1:16 of 1st period - Deflect By Alexander Semin.
1:16 of 1st period - Stopped by Eddie Lack with a rebound.
1:34 of 1st period - Andrej Sekera is hit by Keith Aulie and loses puck.
1:45 of 1st period - Paul Ranger is hit by Ales Hemsky and loses puck.
2:20 of 1st period - Snap shot by Nicklas Backstrom.
2:20 of 1st period - Deflect By Brayden Schenn.
2:20 of 1st period - Stopped by Eddie Lack without a rebound.
2:21 of 1st period - Nicklas Backstrom wins face-off versus Alex Galchenyuk in Panthers zone.
2:24 of 1st period - Wrist shot by Brayden Schenn.
2:24 of 1st period - Deflect By Chris Stewart.
2:24 of 1st period - Stopped by Eddie Lack without a rebound.
2:25 of 1st period - Nicklas Backstrom wins face-off versus Alex Galchenyuk in Panthers zone.
3:23 of 1st period - Simon Despres is hit by Alexander Semin and loses puck.
3:30 of 1st period - Marco Scandella is hit by Nick Bonino and loses puck.
4:05 of 1st period - Shawn Horcoff is hit by Vladimir Sobotka and loses puck.
4:16 of 1st period - Snap shot by Mikkel Boedker.
4:16 of 1st period - Shot Misses the Net.
4:18 of 1st period - Slapshot by Andrej Sekera.
4:18 of 1st period - Shot Misses the Net.
4:20 of 1st period - Slapshot by Andrej Sekera.
4:20 of 1st period - Stopped by Eddie Lack with a rebound.
4:22 of 1st period - Snap shot by Ryan Wilson.
4:22 of 1st period - Shot Blocked by Marco Scandella.
4:32 of 1st period - Wrist shot by Vladimir Sobotka.
4:32 of 1st period - Stopped by Eddie Lack with a rebound.
4:34 of 1st period - Wrist shot by Vladimir Sobotka.
4:34 of 1st period - Stopped by Eddie Lack with a rebound.
5:06 of 1st period - Wrist shot by Nicklas Backstrom.
5:06 of 1st period - Shot Misses the Net.
5:08 of 1st period - Minor Penalty to Paul Ranger for Roughing.
5:09 of 1st period - Shawn Horcoff wins face-off versus David Desharnais in Panthers zone.
6:02 of 1st period - Snap shot by Alexander Semin.
6:02 of 1st period - Stopped by Eddie Lack with a rebound.
6:04 of 1st period - Slapshot by Shane Doan.
6:04 of 1st period - Goal by Shane Doan - Oilers : 1 - Panthers : 0.
6:05 of 1st period - David Desharnais wins face-off versus Matt D'Agostini in neutral zone.
6:26 of 1st period - Snap shot by Dustin Penner.
6:26 of 1st period - Shot Blocked by Nick Bonino.
6:28 of 1st period - Wrist shot by Matt D'Agostini.
6:28 of 1st period - Stopped by Roberto Luongo with a rebound.
6:30 of 1st period - Slapshot by Dustin Penner.
6:30 of 1st period - Shot Misses the Net.
6:32 of 1st period - Slapshot by Paul Ranger.
6:32 of 1st period - Shot Misses the Net.
6:34 of 1st period - Wrist shot by Dustin Penner.
6:34 of 1st period - Shot Misses the Net.
6:36 of 1st period - Slapshot by Paul Ranger.
6:36 of 1st period - Stopped by Roberto Luongo with a rebound.
6:38 of 1st period - Snap shot by Dustin Penner.
6:38 of 1st period - Deflect By Kimmo Timonen.
6:38 of 1st period - Shot Misses the Net.
6:38 of 1st period - Puck is out of play.
6:39 of 1st period - Nicklas Backstrom wins face-off versus Alex Galchenyuk in Oilers zone.
7:07 of 1st period - Andrew Ladd is hit by Jake Gardiner and loses puck.
7:48 of 1st period - Snap shot by Vladimir Sobotka.
7:48 of 1st period - Shot Misses the Net.
7:50 of 1st period - Slapshot by Kimmo Timonen.
7:50 of 1st period - Shot Misses the Net.
7:52 of 1st period - Slapshot by Kimmo Timonen.
7:52 of 1st period - Stopped by Eddie Lack with a rebound.
8:02 of 1st period - Snap shot by Mikkel Boedker.
8:02 of 1st period - Stopped by Eddie Lack without a rebound.
8:03 of 1st period - David Desharnais wins face-off versus Matt D'Agostini in Panthers zone.
8:22 of 1st period - Snap shot by Dustin Penner.
8:22 of 1st period - Shot Misses the Net.
8:24 of 1st period - Slapshot by Jakob Silfverberg.
8:24 of 1st period - Shot Blocked by Brad Hunt.
8:29 of 1st period - Slapshot by Simon Despres.
8:29 of 1st period - Deflect By David Desharnais.
8:29 of 1st period - Stopped by Roberto Luongo with a rebound.
9:08 of 1st period - Kimmo Timonen is hit by Keith Aulie and loses puck.
10:06 of 1st period - Shawn Horcoff is hit by Nicklas Backstrom and loses puck.
10:48 of 1st period - Slapshot by David Desharnais.
10:48 of 1st period - Stopped by Eddie Lack with a rebound.
11:06 of 1st period - Marco Scandella is hit by Andrew MacDonald and loses puck.
12:37 of 1st period - Brad Boyes is hit by Alexander Semin and loses puck.
13:25 of 1st period - Jake Gardiner is hit by Ryan Wilson.
13:37 of 1st period - Ryan Wilson is hit by Charlie Coyle and loses puck.
13:46 of 1st period - Calvin de Haan is hit by Ryan Wilson and loses puck.
14:16 of 1st period - Calvin de Haan is hit by Andrew Ladd.
14:32 of 1st period - Colin McDonald is hit by Vladimir Sobotka and loses puck.
15:32 of 1st period - Wrist shot by Nino Niederreiter.
15:32 of 1st period - Shot Blocked by Alexander Semin.
16:37 of 1st period - Wrist shot by Dustin Penner.
16:37 of 1st period - Stopped by Roberto Luongo with a rebound.
16:39 of 1st period - Slapshot by Keith Aulie.
16:39 of 1st period - Deflect By Jakob Silfverberg.
16:39 of 1st period - Shot Misses the Net.
16:39 of 1st period - Puck is out of play.
16:40 of 1st period - Matt D'Agostini wins face-off versus Vladimir Sobotka in Oilers zone.
17:32 of 1st period - Wrist shot by Dustin Penner.
17:32 of 1st period - Stopped by Roberto Luongo with a rebound.
17:58 of 1st period - Simon Despres is hit by Ryan Wilson and loses puck.
18:35 of 1st period - Andrew MacDonald is hit by Dustin Penner and loses puck.
18:42 of 1st period - Wrist shot by Nino Niederreiter.
18:42 of 1st period - Deflect By Dustin Penner.
18:42 of 1st period - Shot Misses the Net.
18:42 of 1st period - Puck is out of play.
18:43 of 1st period - Darren Helm wins face-off versus Nino Niederreiter in Oilers zone.
19:06 of 1st period - Matt D'Agostini is hit by Brayden Schenn and loses puck.
19:30 of 1st period - Darren Helm is hit by Adam Larsson and loses puck.
Goals for this period are 1 for Oilers vs 0 for Panthers.
Shots for this period are 13 for Oilers vs 5 for Panthers.

2nd period


0:01 of 2nd period - Shawn Horcoff wins face-off versus Nicklas Backstrom in neutral zone.
0:08 of 2nd period - Snap shot by Brad Boyes.
0:08 of 2nd period - Deflect By Charlie Coyle.
0:08 of 2nd period - Stopped by Roberto Luongo without a rebound.
0:09 of 2nd period - Nicklas Backstrom wins face-off versus Shawn Horcoff in Oilers zone.
0:25 of 2nd period - Off-side.
0:26 of 2nd period - David Desharnais wins face-off versus Matt D'Agostini in neutral zone.
0:44 of 2nd period - Snap shot by Dustin Penner.
0:44 of 2nd period - Shot Blocked by Andrew MacDonald.
1:13 of 2nd period - Icing by Nick Bonino.
1:14 of 2nd period - Nicklas Backstrom wins face-off versus Brad Boyes in Oilers zone.
2:40 of 2nd period - Minor Penalty to Vladimir Sobotka for Hooking.
2:41 of 2nd period - Nicklas Backstrom wins face-off versus Charlie Coyle in Oilers zone.
3:50 of 2nd period - Shawn Horcoff is hit by Darren Helm and loses puck.
4:09 of 2nd period - Snap shot by Jakob Silfverberg.
4:09 of 2nd period - Stopped by Roberto Luongo with a rebound.
4:11 of 2nd period - Slapshot by Marco Scandella.
4:11 of 2nd period - Shot Blocked by Ryan Wilson.
4:40 of 2nd period - Penalty to Vladimir Sobotka is over, Vladimir Sobotka is back on ice.
4:55 of 2nd period - Slapshot by David Booth.
4:55 of 2nd period - Shot Misses the Net.
5:05 of 2nd period - Icing by Andrew MacDonald.
5:06 of 2nd period - David Desharnais wins face-off versus Matt D'Agostini in Oilers zone.
5:17 of 2nd period - Snap shot by David Desharnais.
5:17 of 2nd period - Shot Blocked by Simon Despres.
5:19 of 2nd period - Slapshot by Andrew MacDonald.
5:19 of 2nd period - Shot Blocked by Calvin de Haan.
5:21 of 2nd period - Slapshot by Kimmo Timonen.
5:21 of 2nd period - Deflect By Jakob Silfverberg.
5:21 of 2nd period - Stopped by Eddie Lack with a rebound.
5:43 of 2nd period - Calvin de Haan is hit by Kimmo Timonen.
5:54 of 2nd period - Minor Penalty to Simon Despres for Roughing.
5:55 of 2nd period - Nicklas Backstrom wins face-off versus Shawn Horcoff in Panthers zone.
6:56 of 2nd period - Snap shot by Andrew Ladd.
6:56 of 2nd period - Shot Misses the Net.
6:58 of 2nd period - Snap shot by Andrew Ladd.
6:58 of 2nd period - Shot Misses the Net.
7:21 of 2nd period - Paul Ranger is hit by Nicklas Backstrom and loses puck.
7:54 of 2nd period - Penalty to Simon Despres is over, Simon Despres is back on ice.
7:57 of 2nd period - Off-side.
7:58 of 2nd period - Nicklas Backstrom wins face-off versus Alex Galchenyuk in neutral zone.
8:22 of 2nd period - Minor Penalty to Brad Hunt for High sticking.
8:23 of 2nd period - Charlie Coyle wins face-off versus Vladimir Sobotka in Oilers zone.
8:27 of 2nd period - Slapshot by Jakob Silfverberg.
8:27 of 2nd period - Shot Misses the Net.
8:57 of 2nd period - Andrew Ladd is hit by Jake Gardiner and loses puck.
9:10 of 2nd period - Adam Larsson is hit by Andrew MacDonald and loses puck.
9:23 of 2nd period - Snap shot by Nicklas Backstrom.
9:23 of 2nd period - Stopped by Eddie Lack with a rebound.
10:22 of 2nd period - Penalty to Brad Hunt is over, Brad Hunt is back on ice.
10:41 of 2nd period - Snap shot by David Booth.
10:41 of 2nd period - Stopped by Roberto Luongo with a rebound.
12:18 of 2nd period - Minor Penalty to Jake Gardiner for Tripping.
12:19 of 2nd period - Brad Boyes wins face-off versus David Desharnais in Panthers zone.
12:56 of 2nd period - Nicklas Backstrom is hit by Paul Ranger and loses puck.
13:16 of 2nd period - Slapshot by Dustin Penner.
13:16 of 2nd period - Shot Misses the Net.
13:18 of 2nd period - Slapshot by Simon Despres.
13:18 of 2nd period - Shot Blocked by Nicklas Backstrom.
13:40 of 2nd period - Vladimir Sobotka is hit by Simon Despres and loses puck.
14:18 of 2nd period - Penalty to Jake Gardiner is over, Jake Gardiner is back on ice.
14:26 of 2nd period - Brayden Schenn is hit by Jake Gardiner and loses puck.
14:30 of 2nd period - Icing by Ryan Stanton.
14:31 of 2nd period - Nicklas Backstrom wins face-off versus Alex Galchenyuk in Oilers zone.
15:00 of 2nd period - Vladimir Sobotka is hit by Alex Galchenyuk.
15:30 of 2nd period - Slapshot by Jakob Silfverberg.
15:30 of 2nd period - Stopped by Roberto Luongo with a rebound.
15:35 of 2nd period - Icing by Brayden Schenn.
15:36 of 2nd period - Matt D'Agostini wins face-off versus Brayden Schenn in Oilers zone.
15:43 of 2nd period - Wrist shot by Dustin Penner.
15:43 of 2nd period - Shot Misses the Net.
16:42 of 2nd period - David Desharnais is hit by Nino Niederreiter and loses puck.
17:21 of 2nd period - Snap shot by David Booth.
17:21 of 2nd period - Shot Misses the Net.
17:23 of 2nd period - Snap shot by Colin McDonald.
17:23 of 2nd period - Stopped by Roberto Luongo with a rebound.
17:25 of 2nd period - Slapshot by Colin McDonald.
17:25 of 2nd period - Shot Misses the Net.
17:27 of 2nd period - Slapshot by Marco Scandella.
17:27 of 2nd period - Stopped by Roberto Luongo with a rebound.
17:29 of 2nd period - Wrist shot by Adam Larsson.
17:29 of 2nd period - Deflect By Andrej Sekera.
17:29 of 2nd period - Stopped by Roberto Luongo with a rebound.
17:31 of 2nd period - Slapshot by Shawn Horcoff.
17:31 of 2nd period - Stopped by Roberto Luongo with a rebound.
17:33 of 2nd period - Slapshot by Adam Larsson.
17:33 of 2nd period - Stopped by Roberto Luongo without a rebound.
17:34 of 2nd period - Nicklas Backstrom wins face-off versus Shawn Horcoff in Oilers zone.
17:34 of 2nd period - Nicklas Backstrom is hit by Shawn Horcoff.
18:51 of 2nd period - Icing by Keith Aulie.
18:52 of 2nd period - Nicklas Backstrom wins face-off versus Alex Galchenyuk in Panthers zone.
19:34 of 2nd period - Off-side.
19:35 of 2nd period - Vladimir Sobotka wins face-off versus Dustin Penner in neutral zone.
19:40 of 2nd period - Wrist shot by Vladimir Sobotka.
19:40 of 2nd period - Stopped by Eddie Lack with a rebound.
Goals for this period are 0 for Oilers vs 0 for Panthers.
Shots for this period are 3 for Oilers vs 9 for Panthers.

3rd period


0:01 of 3rd period - Nicklas Backstrom wins face-off versus Shawn Horcoff in neutral zone.
0:20 of 3rd period - Andrej Sekera is hit by Charlie Coyle and loses puck.
0:51 of 3rd period - Slapshot by Jakob Silfverberg.
0:51 of 3rd period - Deflect By Matt D'Agostini.
0:51 of 3rd period - Stopped by Roberto Luongo without a rebound.
0:52 of 3rd period - David Desharnais wins face-off versus Matt D'Agostini in Oilers zone.
0:52 of 3rd period - David Desharnais is hit by Matt D'Agostini.
1:00 of 3rd period - Snap shot by Nick Bonino.
1:00 of 3rd period - Shot Misses the Net.
1:22 of 3rd period - Snap shot by Jakob Silfverberg.
1:22 of 3rd period - Shot Blocked by Kimmo Timonen.
1:24 of 3rd period - Slapshot by Jakob Silfverberg.
1:24 of 3rd period - Shot Misses the Net.
1:26 of 3rd period - Wrist shot by Jakob Silfverberg.
1:26 of 3rd period - Shot Misses the Net.
2:41 of 3rd period - Jake Gardiner is hit by Ryan Stanton and loses puck.
2:50 of 3rd period - Snap shot by Brayden Schenn.
2:50 of 3rd period - Stopped by Eddie Lack with a rebound.
2:52 of 3rd period - Slapshot by Andrej Sekera.
2:52 of 3rd period - Shot Blocked by Jake Gardiner.
2:54 of 3rd period - Snap shot by Nicklas Backstrom.
2:54 of 3rd period - Shot Misses the Net.
3:16 of 3rd period - Snap shot by Nicklas Backstrom.
3:16 of 3rd period - Shot Hit the Post.
3:41 of 3rd period - Snap shot by Andrei Loktionov.
3:41 of 3rd period - Shot Misses the Net.
3:43 of 3rd period - Wrist shot by Nino Niederreiter.
3:43 of 3rd period - Stopped by Roberto Luongo with a rebound.
3:45 of 3rd period - Snap shot by Simon Despres.
3:45 of 3rd period - Shot Blocked by Ryan Wilson.
3:55 of 3rd period - Andrew Ladd is hit by Simon Despres and loses puck.
4:08 of 3rd period - Slapshot by David Booth.
4:08 of 3rd period - Goal by David Booth - Oilers : 1 - Panthers : 1.
4:09 of 3rd period - David Desharnais wins face-off versus Matt D'Agostini in neutral zone.
4:36 of 3rd period - Wrist shot by David Desharnais.
4:36 of 3rd period - Stopped by Eddie Lack with a rebound.
5:04 of 3rd period - Slapshot by Mikkel Boedker.
5:04 of 3rd period - Shot Misses the Net.
5:21 of 3rd period - Wrist shot by Mikkel Boedker.
5:21 of 3rd period - Shot Blocked by Keith Aulie.
5:23 of 3rd period - Minor Penalty to Shawn Horcoff for Holding.
5:24 of 3rd period - David Desharnais wins face-off versus Matt D'Agostini in Panthers zone.
6:25 of 3rd period - Slapshot by Brad Boyes.
6:25 of 3rd period - Shot Misses the Net.
6:59 of 3rd period - Snap shot by Alex Galchenyuk.
6:59 of 3rd period - Shot Misses the Net.
7:23 of 3rd period - Penalty to Shawn Horcoff is over, Shawn Horcoff is back on ice.
8:15 of 3rd period - Icing by Matt D'Agostini.
8:16 of 3rd period - David Desharnais wins face-off versus Matt D'Agostini in Panthers zone.
8:19 of 3rd period - Snap shot by Alexander Semin.
8:19 of 3rd period - Shot Blocked by Calvin de Haan.
8:21 of 3rd period - Snap shot by Nick Bonino.
8:21 of 3rd period - Deflect By Calvin de Haan.
8:21 of 3rd period - Stopped by Eddie Lack without a rebound.
8:22 of 3rd period - David Desharnais wins face-off versus Shawn Horcoff in Panthers zone.
8:37 of 3rd period - Minor Penalty to Colin McDonald for Hooking.
8:38 of 3rd period - David Desharnais wins face-off versus Shawn Horcoff in Panthers zone.
9:46 of 3rd period - Brad Boyes is hit by Mikkel Boedker and loses puck.
10:01 of 3rd period - Snap shot by Dustin Penner.
10:01 of 3rd period - Shot Misses the Net.
10:03 of 3rd period - Slapshot by Paul Ranger.
10:03 of 3rd period - Stopped by Roberto Luongo with a rebound.
10:05 of 3rd period - Snap shot by Calvin de Haan.
10:05 of 3rd period - Shot Misses the Net.
10:07 of 3rd period - Wrist shot by Dustin Penner.
10:07 of 3rd period - Shot Misses the Net.
10:09 of 3rd period - Slapshot by Paul Ranger.
10:09 of 3rd period - Stopped by Roberto Luongo with a rebound.
10:19 of 3rd period - David Booth is hit by Alexander Semin and loses puck.
10:37 of 3rd period - Penalty to Colin McDonald is over, Colin McDonald is back on ice.
10:38 of 3rd period - Wrist shot by Mikkel Boedker.
10:38 of 3rd period - Deflect By Andrew Ladd.
10:38 of 3rd period - Shot Misses the Net.
10:38 of 3rd period - Puck is out of play.
10:39 of 3rd period - Alex Galchenyuk wins face-off versus David Desharnais in Panthers zone.
10:56 of 3rd period - Wrist shot by Nino Niederreiter.
10:56 of 3rd period - Stopped by Roberto Luongo with a rebound.
10:58 of 3rd period - Slapshot by Paul Ranger.
10:58 of 3rd period - Shot Blocked by Andrew Ladd.
11:00 of 3rd period - Slapshot by Paul Ranger.
11:00 of 3rd period - Deflect By Andrei Loktionov.
11:00 of 3rd period - Stopped by Roberto Luongo without a rebound.
11:01 of 3rd period - Matt D'Agostini wins face-off versus Nicklas Backstrom in Oilers zone.
11:12 of 3rd period - Snap shot by Nicklas Backstrom.
11:12 of 3rd period - Stopped by Eddie Lack with a rebound.
11:14 of 3rd period - Slapshot by Kimmo Timonen.
11:14 of 3rd period - Shot Misses the Net.
11:16 of 3rd period - Slapshot by Andrew MacDonald.
11:16 of 3rd period - Stopped by Eddie Lack without a rebound.
11:17 of 3rd period - Nicklas Backstrom wins face-off versus Matt D'Agostini in Panthers zone.
11:26 of 3rd period - Wrist shot by Chris Stewart.
11:26 of 3rd period - Stopped by Eddie Lack with a rebound.
11:28 of 3rd period - Snap shot by Kimmo Timonen.
11:28 of 3rd period - Stopped by Eddie Lack without a rebound.
11:29 of 3rd period - Alex Galchenyuk wins face-off versus Vladimir Sobotka in Panthers zone.
12:48 of 3rd period - Paul Ranger is hit by David Desharnais and loses puck.
13:38 of 3rd period - Wrist shot by Nicklas Backstrom.
13:38 of 3rd period - Deflect By Brayden Schenn.
13:38 of 3rd period - Stopped by Eddie Lack with a rebound.
13:40 of 3rd period - Slapshot by Andrew MacDonald.
13:40 of 3rd period - Stopped by Eddie Lack without a rebound.
13:41 of 3rd period - Nicklas Backstrom wins face-off versus Alex Galchenyuk in Panthers zone.
14:14 of 3rd period - Slapshot by Alex Galchenyuk.
14:14 of 3rd period - Stopped by Roberto Luongo with a rebound.
14:24 of 3rd period - David Booth is hit by Mikkel Boedker and loses puck.
14:37 of 3rd period - Andrew MacDonald is hit by Colin McDonald and loses puck.
14:46 of 3rd period - Slapshot by Kimmo Timonen.
14:46 of 3rd period - Stopped by Eddie Lack without a rebound.
14:47 of 3rd period - David Desharnais wins face-off versus Matt D'Agostini in Panthers zone.
14:59 of 3rd period - Snap shot by Nick Bonino.
14:59 of 3rd period - Shot Misses the Net.
15:01 of 3rd period - Slapshot by Andrew MacDonald.
15:01 of 3rd period - Shot Blocked by Simon Despres.
15:11 of 3rd period - Snap shot by Jakob Silfverberg.
15:11 of 3rd period - Stopped by Roberto Luongo with a rebound.
15:59 of 3rd period - Ryan Wilson is hit by Simon Despres and loses puck.
16:17 of 3rd period - Wrist shot by Alex Galchenyuk.
16:17 of 3rd period - Shot Misses the Net.
16:19 of 3rd period - Slapshot by Paul Ranger.
16:19 of 3rd period - Deflect By Vladimir Sobotka.
16:19 of 3rd period - Stopped by Roberto Luongo without a rebound.
16:20 of 3rd period - Vladimir Sobotka wins face-off versus Alex Galchenyuk in Oilers zone.
16:25 of 3rd period - Keith Aulie is hit by Kimmo Timonen and loses puck.
16:46 of 3rd period - Andrew MacDonald is hit by Paul Ranger.
16:56 of 3rd period - Andrei Loktionov is hit by Nick Bonino and loses puck.
17:38 of 3rd period - Snap shot by Nicklas Backstrom.
17:38 of 3rd period - Stopped by Eddie Lack with a rebound.
Goals for this period are 0 for Oilers vs 1 for Panthers.
Shots for this period are 11 for Oilers vs 10 for Panthers.

Overtime #1


0:01 of 1st overtime period - Shawn Horcoff wins face-off versus Alexander Semin in neutral zone.
0:08 of 1st overtime period - Slapshot by Jake Gardiner.
0:08 of 1st overtime period - Shot Hit the Post.
0:26 of 1st overtime period - Snap shot by Nicklas Backstrom.
0:26 of 1st overtime period - Shot Misses the Net.
0:28 of 1st overtime period - Slapshot by Andrew MacDonald.
0:28 of 1st overtime period - Stopped by Eddie Lack with a rebound.
0:30 of 1st overtime period - Slapshot by Andrew MacDonald.
0:30 of 1st overtime period - Stopped by Eddie Lack with a rebound.
0:32 of 1st overtime period - Slapshot by Kimmo Timonen.
0:32 of 1st overtime period - Stopped by Eddie Lack with a rebound.
0:34 of 1st overtime period - Snap shot by Andrew MacDonald.
0:34 of 1st overtime period - Shot Misses the Net.
1:47 of 1st overtime period - Ryan Stanton is hit by Nino Niederreiter and loses puck.
2:59 of 1st overtime period - Wrist shot by David Booth.
2:59 of 1st overtime period - Shot Blocked by Ryan Stanton.
4:05 of 1st overtime period - Snap shot by Dustin Penner.
4:05 of 1st overtime period - Stopped by Roberto Luongo without a rebound.
4:06 of 1st overtime period - Nicklas Backstrom wins face-off versus Nino Niederreiter in Oilers zone.
4:34 of 1st overtime period - Ryan Stanton is hit by Paul Ranger and loses puck.
Goals for this period are 0 for Oilers vs 0 for Panthers.
Shots for this period are 3 for Oilers vs 1 for Panthers.

ShootOut


5:00 of 1st overtime period - Penalty Shot by David Desharnais for Oilers.
5:00 of 1st overtime period - Deke by David Desharnais.
5:00 of 1st overtime period - Goal by David Desharnais.
5:00 of 1st overtime period - Penalty Shot by Shawn Horcoff for Panthers.
5:00 of 1st overtime period - Wrist shot by Shawn Horcoff.
5:00 of 1st overtime period - Stopped by Roberto Luongo.
5:00 of 1st overtime period - Penalty Shot by Nick Bonino for Oilers.
5:00 of 1st overtime period - Wrist shot by Nick Bonino.
5:00 of 1st overtime period - Goal by Nick Bonino.
5:00 of 1st overtime period - Penalty Shot by Brad Boyes for Panthers.
5:00 of 1st overtime period - Backhand shot by Brad Boyes.
5:00 of 1st overtime period - Goal by Brad Boyes.
5:00 of 1st overtime period - Penalty Shot by Andrew Ladd for Oilers.
5:00 of 1st overtime period - Wrist shot by Andrew Ladd.
5:00 of 1st overtime period - Goal by Andrew Ladd.


Output by the SimonT Hockey Simulator (STHS) for Eric Dolegowski -- Original Page W3C XHTML 1.0 Valid
Hockey Simulator - Hockey Simulation - Hockey Manager